 Dungeon Crawl Stone Soup version 0.21-a0-538-gd16b88a (webtiles) character file.

385 tidbits the Insei (level 6, -6/47 HPs)
             Began as a Gnoll Transmuter on Dec 16, 2017.
             Mangled by an orc warrior
             ... wielding a +0 trident
              (19 damage)
             ... on level 6 of the Dungeon.
             The game lasted 00:10:37 (1458 turns).

tidbits the Insei (Gnoll Transmuter)                Turns: 1458, Time: 00:10:38

Health: -6/47      AC:  2    Str: 12    XL:     6   Next: 77%
Magic:  13/14      EV: 24    Int: 17    God:
Gold:   225        SH:  0    Dex: 21    Spells: 7/15 levels left

rFire    . . .     SeeInvis .     - Unarmed
rCold    . . .     Gourm    .   (shield currently unavailable)
rNeg     . . .     Faith    .   (armour currently unavailable)
rPois    x         Spirit   .   (helmet currently unavailable)
rElec    .         Reflect  .   (cloak currently unavailable)
rCorr    .         Harm     .   (gloves currently unavailable)
MR       .....                  (boots currently unavailable)
Stlth    ++........             (no amulet)
HPRegen  0.15/turn              (no ring)
MPRegen  0.14/turn              (no ring)

@: spider-form
A: tiny, distributed training, strong nose
a: End Transformation


You were on level 6 of the Dungeon.
You were not hungry.
You were a venomous arachnid creature.
You visited 1 branch of the dungeon, and saw 6 of its levels.

You collected 225 gold pieces.

Inventory:

Hand Weapons
 a - the +6 hand axe of Purpose (melded) {chop, rF++ MP+9 Str-2 SInv}
   (You found it on level 4 of the Dungeon)

   It inflicts extra damage upon your enemies.
   It affects your strength (-2).
   It greatly protects you from fire.
   It affects your magic capacity (+9).
   It lets you see invisible.
Missiles
 e - 32 stones (quivered)
 i - 19 bolts
 v - 31 arrows
Armour
 f - a +0 buckler
 B - a +0 robe (melded)
 F - a +0 pair of boots (melded)
Wands
 q - a wand of acid (17)
Scrolls
 g - 2 scrolls of noise {unknown}
 h - a scroll of random uselessness {unknown}
 k - 4 scrolls of identify {unknown}
 p - a scroll of teleportation {unknown}
 t - 3 scrolls of remove curse {unknown}
 u - a scroll of blinking {unknown}
 w - a scroll of enchant weapon {unknown}
Potions
 b - a potion of might {unknown}
 j - a potion of experience {unknown}
 l - a potion of flight {unknown}
 n - 3 potions of cancellation {unknown}
 o - 4 potions of curing {unknown}
 s - a potion of lignification {unknown}
 x - a potion of haste {unknown}
 z - 2 potions of mutation {unknown}
Books
 c - a book of Changes

   Spells                             Type                      Level
   a - Beastly Appendage              Transmutation                1
   b - Sticks to Snakes               Transmutation                2
   c - Spider Form                    Transmutation/Poison         3
   d - Ice Form                       Ice/Transmutation            4
   e - Blade Hands                    Transmutation                5
 r - a book of Minor Magic
   (You found it on level 4 of the Dungeon)

   Spells                             Type                      Level
   a - Magic Dart                     Conjuration                  1
   b - Blink                          Translocation                2
   c - Call Imp                       Summoning                    2
   d - Slow                           Hexes                        2
   e - Conjure Flame                  Conjuration/Fire             3
   f - Mephitic Cloud                 Conjuration/Poison/Air       3
Comestibles
 d - 5 bread rations
 m - 3 meat rations
 A - 4 fruits


   Skills:
 + Level 3.3 Fighting
 + Level 2.1 Short Blades
 + Level 2.1 Long Blades
 + Level 2.1 Axes
 + Level 2.1 Maces & Flails
 + Level 2.1 Polearms
 + Level 2.1 Staves
 + Level 2.1 Slings
 + Level 2.1 Bows
 + Level 2.1 Crossbows
 + Level 2.1 Throwing
 + Level 2.1 Armour
 + Level 5.0 Dodging
 + Level 2.1 Stealth
 + Level 2.1 Shields
 + Level 6.9 Unarmed Combat
 + Level 5.4 Spellcasting
 + Level 1.6 Conjurations
 + Level 1.6 Hexes
 + Level 1.6 Charms
 + Level 1.6 Summonings
 + Level 1.6 Necromancy
 + Level 1.6 Translocations
 + Level 4.1 Transmutations
 + Level 1.6 Fire Magic
 + Level 1.6 Ice Magic
 + Level 1.6 Air Magic
 + Level 1.6 Earth Magic
 + Level 1.6 Poison Magic
 + Level 2.3 Invocations
 + Level 2.1 Evocations


You had 7 spell levels left.
You knew the following spells:

 Your Spells              Type           Power        Failure   Level  Hunger
b - Blink                 Tloc           N/A          26%         2    #......
e - Beastly Appendage     Tmut           ###...       10%         1    None
k - Sticks to Snakes      Tmut           ###.....     12%         2    #......
p - Spider Form           Tmut/Pois      ##........   28%         3    ##.....


Dungeon Overview and Level Annotations

Branches:
Dungeon (6/15)
 Temple: D:4-7

Altars:


Innate Abilities, Weirdness & Mutations

Your experience applies equally to all skills.
((You have very sharp teeth.))
Your uncanny sense of smell can sniff out nearby items.


Message History

You see here 4 fruits.
A - 4 fruits
Found a shortbow.
Found a scroll labeled SEYCZA OLOOJU.
Found 12 gold pieces.
Found 4 gold pieces.
You see here a scroll labeled SEYCZA OLOOJU.
t - 3 scrolls labeled SEYCZA OLOOJU (gained 1)
Found a ring mail.
You see here 12 gold pieces.
You now have 204 gold pieces (gained 12).
You see here 4 gold pieces.
You now have 208 gold pieces (gained 4).
You see here a ring mail.
Found 21 stones.
You see here 21 stones.
Found a stone staircase leading up.
A bullfrog skeleton comes into view.
There is a stone staircase leading up here.
You climb upwards.
There is a stone staircase leading down here.
A worm comes into view.
Casting: Spider Form
Confirm with . or Enter, or press ? or * to list all spells.
You turn into a venomous arachnid creature.
The +6 hand axe of Purpose {chop, rF++ MP+9 Str-2 SInv} melds into your body.
Your +0 pair of boots melds into your body.
Your +0 robe melds into your body.
Found an escape hatch in the ceiling.
You bite the worm!
The worm is poisoned.
The worm is moderately wounded.
The worm completely misses you.
You hit the worm but do no damage.
The worm is moderately wounded.
You bite the worm!
The worm is severely wounded.
The worm completely misses you.
You bite the worm!
You kill the worm!
Found a bread ration.
You see here a bread ration.
d - 4 bread rations (gained 1)
Your transformation is almost over.
Your transformation has ended.
The +6 hand axe of Purpose {chop, rF++ MP+9 Str-2 SInv} unmelds from your body.
Your +0 pair of boots unmelds from your body.
Your +0 robe unmelds from your body.
There is a stone staircase leading down here.
You climb downwards.
The bullfrog skeleton completely misses you.
The bullfrog skeleton hits you.
There is a stone staircase leading up here.
Casting: Spider Form
Confirm with . or Enter, or press ? or * to list all spells.
You turn into a venomous arachnid creature.
The +6 hand axe of Purpose {chop, rF++ MP+9 Str-2 SInv} melds into your body.
Your +0 pair of boots melds into your body.
Your +0 robe melds into your body.
The bullfrog skeleton completely misses you.
You hit the bullfrog skeleton.
The bullfrog skeleton is lightly damaged.
The bullfrog skeleton closely misses you.
The bullfrog skeleton completely misses you.
You bite the bullfrog skeleton!
The bullfrog skeleton is heavily damaged.
The bullfrog skeleton barely misses you.
You bite the bullfrog skeleton!
The bullfrog skeleton is severely damaged.
The bullfrog skeleton completely misses you.
You bite the bullfrog skeleton!
You destroy the bullfrog skeleton!
Found 17 gold pieces.
You see here 17 gold pieces.
You now have 225 gold pieces (gained 17).
Your transformation is almost over.
Found a bread ration.
You see here a bread ration.
d - 5 bread rations (gained 1)
Your transformation has ended.
The +6 hand axe of Purpose {chop, rF++ MP+9 Str-2 SInv} unmelds from your body.
Your +0 pair of boots unmelds from your body.
Your +0 robe unmelds from your body.
There is a stone staircase leading down here.
You climb downwards.
There is a stone staircase leading up here.
Casting: Spider Form
Confirm with . or Enter, or press ? or * to list all spells.
You turn into a venomous arachnid creature.
The +6 hand axe of Purpose {chop, rF++ MP+9 Str-2 SInv} melds into your body.
Your +0 pair of boots melds into your body.
Your +0 robe melds into your body.
The orc warrior hits you from afar with a trident!
The orc warrior hits you with a trident!
* * * LOW HITPOINT WARNING * * *
The orc misses you.
Casting: Spider Form
Confirm with . or Enter, or press ? or * to list all spells.
You create a snake!
You now have 31 arrows.
The orc warrior hits you with a trident!!
You die...

## ... .... . .....
...##########......
#.......oos<.....#
#......<.o.......#
#........S.......#
#<...............#
#############+####


You could see an orc warrior, 2 orcs and a friendly ball python.

Vanquished Creatures
  A sky beast (D:5)
  A centaur zombie (D:5)
  An orc priest (D:5)
  A hound (D:5)
  A bullfrog skeleton (D:5)
  Ijyb (D:3)
  An orc wizard (D:5)
  A howler monkey skeleton (D:4)
  An adder (D:4)
  2 oozes
  An adder skeleton (D:2)
  3 worms
  A leopard gecko (D:3)
  7 orcs
  A giant cockroach (D:2)
  3 goblins
  6 hobgoblins
  4 jackals (D:3)
  4 quokkas
  4 ball pythons
  4 bats
  A frilled lizard (D:3)
  A giant cockroach zombie (D:5)
  4 kobolds
  6 rats
61 creatures vanquished.

Vanquished Creatures (collateral kills)
  An adder (D:2)
  An ooze (D:2)
  An orc (D:5)
3 creatures vanquished.

Grand Total: 64 creatures vanquished

Notes
Turn   | Place    | Note
-------+----------+-------------------------------------------
     0 | D:1      | tidbits the Gnoll Transmuter began the quest for the Orb.
     0 | D:1      | Reached XP level 1. HP: 17/17 MP: 6/6
    96 | D:1      | Reached XP level 2. HP: 22/23 MP: 5/7
   100 | D:1      | Learned a level 2 spell: Sticks to Snakes
   363 | D:2      | Reached XP level 3. HP: 27/28 MP: 5/9
   367 | D:2      | Reached skill level 5 in Spellcasting
   372 | D:2      | Learned a level 3 spell: Spider Form
   494 | D:3      | Reached skill level 1 in Invocations
   609 | D:4      | Reached skill level 1 in Short Blades
   609 | D:4      | Reached skill level 1 in Long Blades
   609 | D:4      | Reached skill level 1 in Axes
   609 | D:4      | Reached skill level 1 in Maces & Flails
   609 | D:4      | Reached skill level 1 in Polearms
   609 | D:4      | Reached skill level 1 in Staves
   609 | D:4      | Reached skill level 1 in Slings
   609 | D:4      | Reached skill level 1 in Bows
   609 | D:4      | Reached skill level 1 in Crossbows
   609 | D:4      | Reached skill level 1 in Throwing
   609 | D:4      | Reached skill level 1 in Armour
   609 | D:4      | Reached skill level 1 in Stealth
   609 | D:4      | Reached skill level 1 in Shields
   609 | D:4      | Reached skill level 1 in Evocations
   609 | D:4      | Reached XP level 4. HP: 34/34 MP: 7/11
   616 | D:4      | Learned a level 2 spell: Blink
   753 | D:5      | Entered Level 5 of the Dungeon
   762 | D:5      | Noticed a sky beast
   771 | D:5      | Reached skill level 1 in Conjurations
   771 | D:5      | Reached skill level 1 in Hexes
   771 | D:5      | Reached skill level 1 in Charms
   771 | D:5      | Reached skill level 1 in Summonings
   771 | D:5      | Reached skill level 1 in Necromancy
   771 | D:5      | Reached skill level 1 in Translocations
   771 | D:5      | Reached skill level 1 in Fire Magic
   771 | D:5      | Reached skill level 1 in Ice Magic
   771 | D:5      | Reached skill level 1 in Air Magic
   771 | D:5      | Reached skill level 1 in Earth Magic
   771 | D:5      | Reached skill level 1 in Poison Magic
   777 | D:5      | Killed a sky beast
   777 | D:5      | Reached skill level 3 in Fighting
   777 | D:5      | Reached skill level 4 in Transmutations
   777 | D:5      | Reached XP level 5. HP: 33/41 MP: 9/12
   861 | D:4      | Got a brightly glowing hand axe
   862 | D:4      | Identified the +6 hand axe of Purpose {chop, rF++ MP+9 Str-2 SInv} (You found it on level 4 of the Dungeon)
   971 | D:3      | Reached XP level 6. HP: 47/47 MP: 13/13
  1076 | D:3      | Noticed Ijyb
  1080 | D:3      | Killed Ijyb
  1080 | D:3      | Reached skill level 2 in Invocations
  1160 | D:6      | Noticed an orc warrior
  1254 | D:5      | Reached skill level 5 in Dodging
  1259 | D:5      | Reached skill level 2 in Short Blades
  1259 | D:5      | Reached skill level 2 in Long Blades
  1259 | D:5      | Reached skill level 2 in Axes
  1259 | D:5      | Reached skill level 2 in Maces & Flails
  1259 | D:5      | Reached skill level 2 in Polearms
  1259 | D:5      | Reached skill level 2 in Staves
  1259 | D:5      | Reached skill level 2 in Slings
  1259 | D:5      | Reached skill level 2 in Bows
  1259 | D:5      | Reached skill level 2 in Crossbows
  1259 | D:5      | Reached skill level 2 in Throwing
  1259 | D:5      | Reached skill level 2 in Armour
  1259 | D:5      | Reached skill level 2 in Stealth
  1259 | D:5      | Reached skill level 2 in Shields
  1259 | D:5      | Reached skill level 2 in Evocations
  1458 | D:6      | Mangled by an orc warrior

Vault maps used:
D:1:      dpeg_arrival_round_c
D:2:      serial_forest, infiniplex_forest_clump_C,
          infiniplex_forest_clump_medium, infiniplex_forest_clump_tiny,
          infiniplex_forest_clump_diagonal, infiniplex_forest_clump_tiny,
          infiniplex_forest_lined_2, infiniplex_forest_diagonal,
          infiniplex_forest_corner_1, infiniplex_forest_end_2,
          infiniplex_forest_straight_3
D:3:      uniq_ijyb
D:5:      first_bread
D:6:      temple_pool_b

Skill      XL: |  1  2  3  4  5  6 |
---------------+-------------------+-----
Spellcasting   | 5 |  5.4
Invocations    | 1 2 |  2.3
Short Blades   | 1 2 |  2.1
Long Blades    | 1 2 |  2.1
Axes           | 1 2 |  2.1
Maces & Flails | 1 2 |  2.1
Polearms       | 1 2 |  2.1
Staves         | 1 2 |  2.1
Slings         | 1 2 |  2.1
Bows           | 1 2 |  2.1
Crossbows      | 1 2 |  2.1
Throwing       | 1 2 |  2.1
Armour         | 1 2 |  2.1
Stealth        | 1 2 |  2.1
Shields        | 1 2 |  2.1
Evocations     | 1 2 |  2.1
Conjurations   | 1 |  1.6
Hexes          | 1 |  1.6
Charms         | 1 |  1.6
Summonings     | 1 |  1.6
Necromancy     | 1 |  1.6
Translocations | 1 |  1.6
Fire Magic     | 1 |  1.6
Ice Magic      | 1 |  1.6
Air Magic      | 1 |  1.6
Earth Magic    | 1 |  1.6
Poison Magic   | 1 |  1.6
Fighting       | 3 |  3.3
Transmutations | 4 |  4.1
Dodging        | 5 |  5.0
Unarmed Combat | |  6.9

Action                   |  1- 3 |  4- 6 || total
-------------------------+-------+-------++-------
Melee: Unarmed           |    57 |    57 ||   114
       Headbutt          |     4 |       ||     4
       Bite              |     3 |     2 ||     5
       Punch             |     1 |     1 ||     2
       Hand axe          |       |    11 ||    11
 Cast: Beastly Appendage |    10 |     2 ||    12
       Sticks to Snakes  |     1 |     4 ||     5
       Spider Form       |     7 |    12 ||    19
 Abil: End Transformatio |     1 |       ||     1
Evoke: Wand              |       |     2 ||     2
 Stab: Sleeping          |     1 |       ||     1
  Eat: Chunk             |       |     2 ||     2
       Fruit             |       |     2 ||     2
Armor: Robe              |     9 |     2 ||    11
Dodge: Dodged            |    28 |    68 ||    96

Table legend:
 A = Spawn XP
 B = Non-spawn XP
 C = Spawn XP percentage of total XP
 D = Spawn monster count
 E = Non-spawn monster count
 F = Spawn count percentage of total count
 G = Total turns spent on level
                    A         B        C        D         E        F      G
               +---------+---------+-------+---------+---------+-------+---------
         Total |       0 |     551 |   0.0 |       0 |      64 |   0.0 |  1458
               +---------+---------+-------+---------+---------+-------+---------
           D:1 |       0 |      16 |   0.0 |       0 |       7 |   0.0 |   116
           D:2 |       0 |      38 |   0.0 |       0 |      12 |   0.0 |   369
           D:3 |       0 |      88 |   0.0 |       0 |      27 |   0.0 |   240
           D:4 |       0 |      44 |   0.0 |       0 |       7 |   0.0 |   429
           D:5 |       0 |     365 |   0.0 |       0 |      11 |   0.0 |   295
               +---------+---------+-------+---------+---------+-------+---------

Table legend:
 A = Turns spent in this place as a percentage of turns spent in the entire game.
 B = Non-inter-level travel turns spent in this place as a percentage of non-inter-level travel turns spent in the entire game.
 C = Inter-level travel turns spent in this place as a percentage of turns spent in this place.
 D = Turns resting spent in this place as a percentage of non-inter-level travel turns spent in this place.
 E = Turns spent auto-exploring this place as a percentage of non-inter-level travel turns spent in this place.
 F = Non-inter-level travel turns spent in this place divided by the number of levels of this place that you've seen.
                   A       B       C       D       E      F
               +-------+-------+-------+-------+-------+----------------------
         Total | 100.0 | 100.0 |   1.1 |   0.0 |   0.0 | 240.3
       Dungeon | 100.0 | 100.0 |   1.1 |   0.0 |   0.0 | 240.3
               +-------+-------+-------+-------+-------+----------------------

Table legend:
 A = Kills in this place as a percentage of kills in entire the game.
 B = Kills by you in this place as a percentage of kills by you in the entire game.
 C = Kills by friends in this place as a percentage of kills by friends in the entire game.
 D = Other kills in this place as a percentage of other kills in the entire game.
 E = Experience gained in this place as a percentage of experience gained in the entire game.
 F = Experience gained in this place divided by the number of levels of this place that you have seen.
                   A       B       C       D       E      F
               +-------+-------+-------+-------+-------+----------------------
         Total | 100.0 | 100.0 | 100.0 |   N/A | 100.0 |  91.8
       Dungeon | 100.0 | 100.0 | 100.0 |   N/A | 100.0 |  91.8
               +-------+-------+-------+-------+-------+----------------------

Vault maps used:
D:1:      dpeg_arrival_round_c
D:2:      serial_forest, infiniplex_forest_clump_C,
          infiniplex_forest_clump_medium, infiniplex_forest_clump_tiny,
          infiniplex_forest_clump_diagonal, infiniplex_forest_clump_tiny,
          infiniplex_forest_lined_2, infiniplex_forest_diagonal,
          infiniplex_forest_corner_1, infiniplex_forest_end_2,
          infiniplex_forest_straight_3
D:3:      uniq_ijyb
D:5:      first_bread
D:6:      temple_pool_b
